 Dungeon Crawl Stone Soup version 0.28.0-53-g5a82cb258f (console) character file.

Game seed: 1802769703460841011

0 Faeu the Chopper (level 1, 19/19 HPs)
             Began as a Minotaur Berserker on May 25, 2022.
             Was a Follower of Trog.
             Quit the game on level 1 of the Dungeon.
             The game lasted 00:00:54 (117 turns).

Faeu the Chopper (Minotaur Berserker)                Turns: 117, Time: 00:00:55

Health: 19/19      AC:  2    Str: 21    XL:     1   Next: 8%
Magic:  0/0        EV: 12    Int:  4    God:    Trog [*.....]
Gold:   0          SH:  0    Dex:  9    Spells: 0/0 levels left

rFire   . . .      SeeInvis .   a - +0 hand axe {axe}
rCold   . . .      Faith    .   (no shield)
rNeg    . . .      Spirit   .   b - +0 animal skin
rPois   .          Reflect  .   (helmet restricted)
rElec   .          Harm     .   (no cloak)
rCorr   .          Rampage  .   (no gloves)
Will    .....                   (no boots)
Stlth   +.........              (no amulet)
HPRegen 0.06/turn               (no ring)
MPRegen 0.07/turn               (no ring)

@: no status effects
A: horns 2, retaliatory headbutt
a: Renounce Religion, Berserk


You were on level 1 of the Dungeon.
You worshipped Trog.
Trog was aware of your devotion.
You visited 1 branch of the dungeon, and saw 1 of its levels.


Innate Abilities, Weirdness & Mutations

You have a pair of horns on your head.
You reflexively headbutt those who attack you in melee.


   Skills:
 + Level 3.6 Fighting
 + Level 3.6 Axes
 + Level 2.4 Armour
 + Level 2.2 Dodging


You couldn't memorise any spells.
You didn't know any spells.
Your spell library was empty.

Inventory:

Hand Weapons
 a - a +0 hand axe (weapon) {axe}
Armour
 b - a +0 animal skin (worn)

Dungeon Overview and Level Annotations

Branches:
Dungeon (1/15)

Altars:

##########
###.##..##<#
###.#.##....##
#...........#
#..........###
#..#......#..#
###..#####.###>#
#...############
#.#.##......#
#.#.##......# .
#..'@.....# .#
####......# ..
#......# ..
#......#
......## ##.##.#
.. .# .# #


There were no monsters in sight!


Message History

🤖 Initializing magus.rc ...
Options error: Bad monster_list_colour key: strict_neutral (~/.crawlrc:4766) ✅ Successfully initialized magus.rc [v1.9.6] Welcome, Faeu the Minotaur Berserker.
The heart of this dungeon contains the breathtaking artefact, the Orb of Zot.
Trog says: Kill them all!
Press ? for a list of commands and other information.
You open the door.
A kobold comes into view. It is wielding a +0 short sword.
The kobold shouts!
The kobold closely misses you.
There is an open door here.
A kobold is nearby!
You hit the kobold but do no damage.
The kobold hits you with a +0 short sword. 😕 HP[-2]
You take 2 damage, and now have 17/19 hp.
A kobold is nearby!
You barely miss the kobold. The kobold closely misses you.
A kobold is nearby!
You barely miss the kobold. The kobold closely misses you.
A kobold is nearby!
You hit the kobold. The kobold closely misses you.
A kobold is nearby!
You closely miss the kobold.
The kobold hits you with a +0 short sword.
A kobold is nearby!
You are too injured to fight recklessly! 😮 HP[-4]
You take 4 damage, and now have 13/19 hp.
MASSIVE DAMAGE!! (PAUSE)
A kobold is nearby!
You are too injured to fight recklessly!
A kobold is nearby!
You are too injured to fight recklessly!
A kobold is nearby!
You are too injured to fight recklessly!
A kobold is nearby!
You are too injured to fight recklessly!
A kobold is nearby!
You are too injured to fight recklessly!
You hit the kobold.
You kill the kobold!
Trog accepts your kill. 😮 HP[+1]
You see here a +0 short sword {short}.
You start resting.
HP restored. 😎 HP[+5] Unknown command.
Save game and exit? 🤖 Initializing magus.rc ...
Options error: Bad monster_list_colour key: strict_neutral (~/.crawlrc:4766) ✅ Successfully initialized magus.rc [v1.9.6] Welcome back, Faeu the Minotaur Berserker.
Trog says: Kill them all!
Press ? for a list of commands and other information.
Are you sure you want to abandon this character and quit the game? (Confirm with "yes".)
Okay, then.
Unknown command.
Save game and exit? 🤖 Initializing magus.rc ...
Options error: Bad monster_list_colour key: strict_neutral (~/.crawlrc:4766) ✅ Successfully initialized magus.rc [v1.9.6] Welcome back, Faeu the Minotaur Berserker.
Trog says: Kill them all!
Press ? for a list of commands and other information.
You aren't carrying any potions.
Unknown command.
Are you sure you want to abandon this character and quit the game? (Confirm with "yes".)

Action                   || total
-------------------------++-------
Melee: Hand axe          ||     6
Dodge: Dodged            ||     4

Levels and vault maps discovered:
D:1:      minmay_arrival_jagged, layout_basic, minmay_pentomino_v4

Notes
Turn   | Place    | Note
-------+----------+-------------------------------------------
     0 | D:1      | Faeu the Minotaur Berserker began the quest for the Orb.
     0 | D:1      | Reached XP level 1. HP: 19/19 MP: 0/0
     0 | D:1      | magus.rc [v1.9.6]
   116 | D:1      | magus.rc [v1.9.6]
   116 | D:1      | magus.rc [v1.9.6]
   117 | D:1      | Quit the game

Vanquished Creatures
  A kobold (D:1)
1 creature vanquished.

Table legend:
 A = Non-vault XP
 B = Vault XP
 C = Vault XP percentage of total XP
 D = Non-vault monster count
 E = Vault monster count
 F = Vault count percentage of total count
                 A         B        C        D         E       F
            +---------+---------+-------+---------+---------+-------
      Total |       1 |       0 |   0.0 |       1 |       0 |   0.0
            +---------+---------+-------+---------+---------+-------
        D:1 |       1 |       0 |   0.0 |       1 |       0 |   0.0
            +---------+---------+-------+---------+---------+-------

Illustrated notes

Table legend:
 A = Kills in this place as a percentage of kills in entire the game.
 B = Kills by you in this place as a percentage of kills by you in the entire game.
 C = Kills by friends in this place as a percentage of kills by friends in the entire game.
 D = Other kills in this place as a percentage of other kills in the entire game.
 E = Experience gained in this place as a percentage of experience gained in the entire game.
 F = Experience gained in this place divided by the number of levels of this place that you have seen.
                   A       B       C       D       E      F
               +-------+-------+-------+-------+-------+----------------------
         Total | 100.0 | 100.0 |   N/A |   N/A | 100.0 |   1.0
       Dungeon | 100.0 | 100.0 |   N/A |   N/A | 100.0 |   1.0
               +-------+-------+-------+-------+-------+----------------------

Table legend: (Time is in decaauts)
 A = Elapsed time spent in this place.
 B = Non-inter-level travel time spent in this place.
 C = Inter-level travel time spent in this place.
 D = Time resting spent in this place.
 E = Time spent auto-exploring this place.
 F = Levels seen in this place.
 G = Mean time per level.
                   A        B        C        D        E       F      G
               +--------+--------+--------+--------+--------+-----+--------+
         Total |    118 |    118 |      0 |     82 |     25 |   1 |  118.0 |
       Dungeon |    118 |    118 |      0 |     82 |     25 |   1 |  118.0 |
               +--------+--------+--------+--------+--------+-----+--------+

Top non-repeatable levels by time:
     D:1: 118 daAuts
